 Dungeon Crawl Stone Soup version 0.21.1-1-g345015f (webtiles) character file.

64 Limpidissima the Chopper (level 3, 0/35 HPs)
             Began as a Minotaur Berserker on July 31, 2018.
             Was a Believer of Trog.
             Slain by a giant cockroach (1 damage)
             ... on level 2 of the Dungeon.
             The game lasted 00:04:02 (950 turns).

Limpidissima the Chopper (Minotaur Berserker)        Turns: 950, Time: 00:04:02

Health: 0/35       AC:  3    Str: 22    XL:     3   Next: 91%
Magic:  2/2        EV: 12    Int:  4    God:    Trog [**....]
Gold:   94         SH:  0    Dex:  9    Spells: 2/2 levels left

rFire    . . .     SeeInvis +   a - +0 hand axe
rCold    . . .     Gourm    .   (no shield)
rNeg     . . .     Faith    .   i - +0 leather armour
rPois    .         Spirit   .   (helmet restricted)
rElec    .         Reflect  .   (no cloak)
rCorr    .         Harm     .   (no gloves)
MR       .....                  (no boots)
Stlth    +.........             (no amulet)
HPRegen  0.11/turn              h - ring of see invisible
MPRegen  0.08/turn              (no ring)

@: no status effects
A: retaliatory headbutt, horns 2
a: Berserk, Trog's Hand, Burn Spellbooks, Renounce Religion


You were on level 2 of the Dungeon.
You worshipped Trog.
Trog was pleased with you.
You were not hungry.

You visited 1 branch of the dungeon, and saw 2 of its levels.

You collected 94 gold pieces.

Inventory:

Hand Weapons
 a - a +0 hand axe (weapon)
Armour
 i - a +0 leather armour (worn)
Jewellery
 h - a ring of see invisible (left hand)
Wands
 m - a wand of polymorph (15)
Scrolls
 b - a scroll of fear {unknown}
 d - 2 scrolls of remove curse {unknown}
 e - 8 scrolls of identify {unknown}
 j - 2 scrolls of random uselessness {unknown}
 l - a scroll of teleportation {unknown}
Potions
 g - a potion of heal wounds {unknown}
 k - a potion of might {unknown}
Comestibles
 c - a ration
 f - 9 chunks of flesh


   Skills:
 + Level 4.9 Fighting
 + Level 4.9 Axes
 - Level 2.4 Armour
 - Level 2.1 Dodging


You had 2 spell levels left.
You didn't know any spells.

Dungeon Overview and Level Annotations

Branches:
Dungeon (2/15)

Altars:
Fedhas
Okawaru


Innate Abilities, Weirdness & Mutations

You reflexively headbutt those who attack you in melee.
You have a pair of horns on your head.


Message History

You hit the hobgoblin but do no damage.
You hit the orc wizard but do no damage.
You hit the orc wizard. The orc wizard closely misses you.
The orc wizard hits you but does no damage.
The orc wizard points at you and mumbles some strange words.
The magic dart hits you!
* * * LOW HITPOINT WARNING * * *
The hobgoblin hits you but does no damage.
The orc misses you.
You hit the hobgoblin.
The hobgoblin is heavily wounded.
You closely miss the orc wizard.
You hit the orc wizard but do no damage.
The orc wizard gestures at you while chanting.
The magic dart hits you!
* * * LOW HITPOINT WARNING * * *
The orc wizard misses you. You furiously retaliate!
You headbutt the orc wizard. The hobgoblin closely misses you.
The giant cockroach bites you.
You die...

#...#........# ###
#..#_#.......#
##..#.[......#
#...........#
###.........# ..#
#######...# ..
#########..# ..
......s##.(#######
.
......o@g.........
.
......o###.#######
# .....oK .># #
....... ##.. #
.[..... #... ###
....... #.... #.)
....... #..b.. #.#
....... #....g.
#.# # #


You could see 2 orc wizards, an orc, a giant cockroach, a hobgoblin and a
kobold.

Vanquished Creatures
  A gnoll (D:1)
  A worm (D:2)
  A dart slug (D:2)
  3 leopard geckos
  2 orcs (D:2)
  6 giant cockroaches
  5 goblins
  3 hobgoblins (D:1)
  4 jackals (D:1)
  2 ball pythons
  3 bats (D:1)
  4 frilled lizards
  3 kobolds (D:1)
  5 rats
43 creatures vanquished.

Notes
Turn   | Place    | Note
-------+----------+-------------------------------------------
     0 | D:1      | Limpidissima the Minotaur Berserker began the quest for the Orb.
     0 | D:1      | Reached XP level 1. HP: 19/19 MP: 0/0
   109 | D:1      | Reached XP level 2. HP: 26/27 MP: 1/1
   188 | D:1      | Reached ** piety under Trog
   518 | D:1      | Reached XP level 3. HP: 34/34 MP: 2/2
   849 | D:2      | Found a blossoming altar of Fedhas.
   922 | D:2      | Found an iron altar of Okawaru.
   950 | D:2      | HP: 1/35 [orc wizard/magic dart (9)]
   950 | D:2      | Slain by a giant cockroach

Skill      XL: |  1 |
---------------+----+-----
Fighting       | 4 |  4.9
Axes           | 4 |  4.9
Armour         | |  2.4
Dodging        | |  2.1

Action                   || total
-------------------------++-------
Melee: Hand axe          ||    73
       Headbutt          ||    10
Armor: Animal skin       ||    10
       Leather armour    ||     7
Dodge: Dodged            ||    71
